 Dungeon Crawl Stone Soup version 0.29-a0-872-g797fff5ad1 (webtiles) character file.

Game seed: 9193103920682930490

161 clackabat the Cudgeller (level 5, -3/34 HPs)
             Began as a Gargoyle Fighter on July 18, 2022.
             Was an Initiate of Cheibriados.
             Slain by a worm (5 damage)
             ... on level 4 of the Dungeon.
             The game lasted 00:05:32 (2993 turns).

clackabat the Cudgeller (Gargoyle Fighter)          Turns: 2993, Time: 00:05:32

Health: -3/34      AC: 10    Str: 21    XL:     5   Next: 42%
Magic:  5/5        EV:  9    Int: 11    God:    Cheibriados [......]
Gold:   142        SH:  4    Dex: 10    Spells: 4/4 levels left

rFire   . . .      SeeInvis .   a - +0 flail
rCold   . . .      Faith    .   c - +0 buckler
rNeg    + . .      Spirit   .   b - +0 scale mail
rPois   ∞          Reflect  .   (no helmet)
rElec   +          Harm     .   (no cloak)
rCorr   .          Rampage  .   (no gloves)
Will    .....                   (no boots)
Stlth   ..........              (no amulet)
HPRegen 0.11/turn               (no ring)
MPRegen 0.09/turn               (no ring)

@: mighty, very slow
A: sickness immunity, AC +4, negative energy resistance 1, electricity
resistance, torment resistance 1, petrification resistance
a: Renounce Religion


You were on level 4 of the Dungeon.
You worshipped Cheibriados.
Cheibriados was noncommittal.
You visited 1 branch of the dungeon, and saw 4 of its levels.

You collected 142 gold pieces.

Inventory:

Hand Weapons
 a - a +0 flail (weapon)
Armour
 b - a +0 scale mail (worn)
 c - a +0 buckler (worn)
Jewellery
 m - a ring of fire
Wands
 p - a wand of flame (12)
Scrolls
 e - 2 scrolls of teleportation {unknown}
 g - a scroll of vulnerability {unknown}
 j - 8 scrolls of identify {unknown}
 k - a scroll of brand weapon {unknown}
 l - 3 scrolls of enchant armour {unknown}
 n - a scroll of amnesia {unknown}
 o - a scroll of fear {unknown}
 q - a scroll of immolation {unknown}
Potions
 f - a potion of magic {unknown}
 h - 3 potions of heal wounds {unknown}
 i - a potion of curing
 r - a potion of cancellation {unknown}
 s - a potion of mutation {unknown}


   Skills:
 + Level 4.5 Fighting
 * Level 4.6 Maces & Flails
 - Level 3.2 Armour
 - Level 3.2 Shields


You had 4 spell levels left.
You didn't know any spells.
Your spell library contained the following spells:

 Spells                   Type           Power      Damage    Failure   Level
 Foxfire                  Conj/Fire      0%         2x1d4     77%         1
 Slow                     Hex            0%         N/A       77%         1
 Confusing Touch          Hex            0%         N/A       98%         3
 Conjure Flame            Conj/Fire      0%         6-21      98%         3
 Inner Flame              Hex/Fire       0%         N/A       98%         3
 Vampiric Draining        Necr           0%         2d6       98%         3
 Flame Wave               Conj/Fire      0%         2d4       100%        4


Dungeon Overview and Level Annotations

Branches:
Dungeon (4/15)             Temple (0/1) D:4

Altars:
Cheibriados
Elyvilon
Kikubaaqudgha
Okawaru
Vehumet
The Shining One


Innate Abilities, Weirdness & Mutations

You are immune to sickness and miasma.
Your stone body is resilient. (AC +4)
You are immune to poison.
You resist negative energy. (rN+)
You are resistant to electric shocks. (rElec)
You are resistant to unholy torment.
You are immune to petrification.


Message History

The gnoll barely misses you. The gnoll attacks as you move away!
The gnoll closely misses you.
You feel very mighty all of a sudden. You block the gnoll's attack.
It was a potion of curing.
You feel better. The gnoll hits you with a +0 flail!
* * * LOW HITPOINT WARNING * * *
You feel better. You block the gnoll's attack.
You sock the gnoll!
You kill the gnoll!
Cheibriados appreciates the change of pace.
You sock the gnoll!
The gnoll is severely wounded.
The gnoll hits you but does no damage. The gnoll barely misses you.
The gnoll hits you with a +0 flail.
* * * LOW HITPOINT WARNING * * *
You barely miss the gnoll.
The gnoll is severely wounded.
The endoplasm quivers.
The gnoll hits you but does no damage.
You sock the gnoll!
You kill the gnoll!
Cheibriados appreciates the change of pace.
You barely miss the gnoll. You block the gnoll's attack.
You sock the gnoll!
The gnoll is severely wounded.
The gnoll barely misses you.
You closely miss the gnoll.
The gnoll is severely wounded.
The gnoll hits you with a +0 whip.
* * * LOW HITPOINT WARNING * * *
The gnoll hits you with a +0 whip.
* * * LOW HITPOINT WARNING * * *
You thump the gnoll!
You kill the gnoll!
Cheibriados appreciates the change of pace.
You completely miss the worm. You hit the worm.
The worm is lightly wounded.
The worm bites you.
You die...

#.......J..
###..#....... #.#
#. ........... #..
..#+###..#.#.#.#.
###
#.....w..g......
+.......(.......
#......###.#####
#......###.#
###.....gJw@.#
......†..####...?.#
######.#####.###.#
###.......# ######
#......##.. ......
#.####.# ###### #.#
.# ####### #.# #
....... #.# #######


You could see a worm, a gnoll and an endoplasm.

Vanquished Creatures
  3 gnolls (D:4)
  4 adders
  3 dart slugs
  5 orcs
  6 ball pythons
  6 bats
  An endoplasm (D:2)
  6 giant cockroaches
  2 goblins (D:2)
  8 hobgoblins
  6 jackals
  3 quokkas
  A frilled lizard (D:3)
  6 kobolds
  4 rats
64 creatures vanquished.

Vanquished Creatures (others)
  An orc wizard (D:4)
1 creature vanquished.

Grand Total: 65 creatures vanquished

Notes
Turn   | Place    | Note
-------+----------+-------------------------------------------
     0 | D:1      | clackabat the Gargoyle Fighter began the quest for the Orb.
     0 | D:1      | Reached XP level 1. HP: 14/14 MP: 1/1
    96 | D:1      | Noticed an eye of devastation
   100 | D:1      | Noticed a floating eye
   102 | D:1      | Found a faded altar of an unknown god.
   103 | D:1      | Noticed a golden eye
   103 | D:1      | Noticed a great orb of eyes
   180 | D:1      | Reached XP level 2. HP: 15/19 MP: 2/2
   738 | D:1      | Reached XP level 3. HP: 17/24 MP: 3/3
  1370 | D:2      | Reached XP level 4. HP: 26/29 MP: 4/4
  1889 | D:3      | Found a white marble altar of Elyvilon.
  1890 | D:3      | Found a glowing golden altar of the Shining One.
  1935 | D:3      | Found an ancient bone altar of Kikubaaqudgha.
  1935 | D:3      | Found a snail-covered altar of Cheibriados.
  1941 | D:3      | Became a worshipper of Cheibriados the Contemplative
  1983 | D:3      | Found a radiant altar of Vehumet.
  2552 | D:3      | Found an iron altar of Okawaru.
  2898 | D:4      | Reached XP level 5. HP: 33/34 MP: 5/5
  2966 | D:4      | Found a staircase to the Ecumenical Temple.
  2993 | D:4      | Slain by a worm

Illustrated notes

Levels and vault maps discovered:
D:1:      kilobyte_arrival_exit_the_forest, layout_basic, serial_glass,
          glass_columns_b, glass_columns_a, glass_columns_a, glass_columns_b,
          glass_columns_b, glass_columns_b, glass_columns_a, glass_columns_c,
          glass_columns_a, glass_columns_a,
          hellmonk_ecumenical_altar_watching_god
D:2:      layout_loops_ring
D:3:      layout_basic, mainiacjoe_overflow_brackets,
          chequers_temple_overflow_statue_of_worship,
          nicolae_vehumet_altar_sigil, kennysheep_potato
D:4:      layout_basic, grunt_gozag_breadcrumbs, minmay_temple_entry_glass,
          serial_shops, shop, hangedman_decor_clover_reticule

Skill      XL: |  1  2  3  4 |
---------------+-------------+-----
Maces & Flails | 3 4 |  4.6
Fighting       | 4 |  4.5
Armour         | |  3.2
Shields        | |  3.2

Action                   |  1- 3 |  4- 6 || total
-------------------------+-------+-------++-------
Melee: Flail             |   133 |   111 ||   244
  Use: Potion            |       |     3 ||     3
Armor: Scale mail        |    90 |    64 ||   154
Dodge: Dodged            |    91 |    48 ||   139
Block: Buckler           |    37 |    26 ||    63

Table legend: (Time is in decaauts)
 A = Elapsed time spent in this place.
 B = Non-inter-level travel time spent in this place.
 C = Inter-level travel time spent in this place.
 D = Time resting spent in this place.
 E = Time spent auto-exploring this place.
 F = Levels seen in this place.
 G = Mean time per level.
                   A        B        C        D        E       F      G
               +--------+--------+--------+--------+--------+-----+--------+
         Total |   3279 |   3100 |    179 |      0 |   2592 |   4 |  819.8 |
       Dungeon |   3279 |   3100 |    179 |      0 |   2592 |   4 |  819.8 |
               +--------+--------+--------+--------+--------+-----+--------+

Top non-repeatable levels by time:
     D:1: 1188 daAuts
     D:3: 1075 daAuts
     D:2: 737 daAuts
     D:4: 277 daAuts
